Map: Новое противостояние РВ

Players

Vanya - Winner!

  • Race: Zerg Zerg
  • Spawn Location: 1:00

BuRning

  • Race: Terran Terran
  • Spawn Location: 7:00

Event: 2019 WCS Summer

VOD

Have the link to the VOD?

Description

Time

  • Played on: July 12, 2019, 9:32 a.m.
  • Length: 8:59

All games in this series

Show
View Real Time Build Order
Export as new Build Order

Vanya Zerg - Winner!

Build Orders: Hatch First, Roach Nydus 

Get SALT Encoding   

  12  0:01  Drone  
  13  0:12  Overlord  
  13  0:16  Drone  
  14  0:31  Drone  
  14  0:33  Drone  
  16  0:49  Hatchery  
  15  0:52  Drone  
  15  0:55  Drone  
  17  0:58  Drone  
  18  1:09  Extractor  
  17  1:14  Spawning Pool  
  17  1:17  Drone  
  17  1:20  Drone  
  18  1:28  Drone  
  19  1:38  Drone  
  20  1:50  Drone  
  21  2:01  Queen x2  
  21  2:02  Zergling x4  
  27  2:16  Overlord  
  27  2:18  Overlord  
  27  2:23  Drone  
  28  2:30  Metabolic Boost  
  28  2:35  Drone  
  29  2:37  Drone  
  29  2:38  Drone  
  29  2:40  Queen  
  29  2:44  Drone  
  33  2:49  Drone  
  34  2:54  Drone  
  34  2:55  Drone  
  36  3:02  Hatchery  
  35  3:06  Drone  
  35  3:07  Drone  
  35  3:11  Drone  
  38  3:15  Lair  
  38  3:23  Drone x2  
  38  3:24  Drone  
  38  3:25  Drone  
  42  3:29  Overlord  
  42  3:36  Zergling x2  
  42  3:38  Zergling x2  
  44  3:41  Overlord  
  44  3:46  Queen  
  46  3:48  Drone  
  46  3:49  Drone x3  
  46  3:52  Drone x2  
  51  3:57  Overlord  
  51  4:02  Extractor, Roach Warren  
  49  4:03  Drone x2, Extractor  
  50  4:11  Drone  
  50  4:14  Queen  
  50  4:16  Queen  
  55  4:22  Nydus Network  
  54  4:26  Zergling x8  
  54  4:28  Zergling x2  
  59  4:33  Overseer  
  59  4:37  Overlord  
  59  4:52  Roach x3  
  65  4:53  Overlord x2  
  65  4:55  Roach  
  65  4:56  Roach x2  
  65  4:59  Roach  
  73  5:08  Overseer  
  73  5:15  Roach  
  73  5:17  Roach x4  
  73  5:18  Overlord  
  73  5:20  Nydus Canal  
  87  5:21  Roach x2  
  87  5:29  Roach  
  87  5:33  Nydus Canal  
  87  5:35  Overseer  
  89  5:37  Zergling x8  
  89  5:40  Zergling x4  
  95  5:46  Nydus Canal  
  95  5:47  Zergling x2  
  96  5:52  Overlord  
  96  5:53  Overlord  
  96  5:56  Nydus Canal  
  96  6:00  Overseer  
  96  6:04  Overlord  
  96  6:15  Ravager  
  96  6:16  Ravager x2  
  96  6:18  Zergling x8  
  103  6:19  Zergling x4  
  103  6:22  Zergling x2  
  103  6:23  Zergling x2  
  103  6:31  Zergling x2  
  102  6:33  Queen x3  
  102  6:35  Zergling x2  
  102  6:36  Zergling x2  
  106  6:42  Zergling x2  
  106  6:45  Zergling x4  
  105  6:49  Ravager  
  105  6:50  Ravager  
  105  6:53  Zergling x2  
  108  6:56  Zergling x2  
  108  6:57  Zergling x2  
  109  7:02  Nydus Canal  
  109  7:03  Zergling x2  
  109  7:05  Zergling x4, Overseer  
  111  7:10  Glial Reconstitution  
  111  7:15  Zergling x4  
  113  7:19  Zergling x2  
  114  7:26  Overlord  
  114  7:27  Overseer  
  114  7:29  Overlord  
  114  7:30  Evolution Chamber  
  114  7:31  Zergling x2, Evolution Chamber  
  114  7:32  Nydus Canal  
  114  7:35  Overlord  
  113  7:38  Zergling x2  
  113  7:39  Overlord  
  113  7:42  Overlord  
  114  7:45  Zergling x8  
  114  7:46  Overlord  
  114  7:50  Zergling x2  
  118  7:54  Zergling x4  
  104  7:58  Zergling x2  
  104  8:00  Zergling x2, Spore Crawler  
  104  8:02  Zergling x2, Overseer  
  104  8:03  Zergling x6  
  99  8:13  Zergling x4, Roach  
  97  8:21  Roach  
  92  8:28  Zergling x2  
  92  8:32  Zergling x4, Roach  
  93  8:36  Zergling x2, Roach  
  93  8:39  Zergling x2  
Show
View Real Time Build Order
Export as new Build Order

BuRning Terran 

Build Orders: Gas First Reaper Expand, Mech, Banshee Rush 

Get SALT Encoding   

  12  0:00  SCV  
  13  0:12  SCV  
  14  0:17  Supply Depot  
  14  0:25  SCV  
  15  0:31  Refinery  
  15  0:39  SCV  
  16  0:45  Barracks  
  16  0:51  SCV  
  17  1:03  SCV  
  18  1:15  SCV  
  19  1:32  Orbital Command, Reaper  
  20  1:44  Command Center  
  20  1:55  Factory  
  20  1:59  SCV  
  21  2:08  Barracks Reactor  
  21  2:11  SCV  
  21  2:15  Supply Depot  
  22  2:21  Refinery  
  22  2:25  SCV  
  23  2:37  SCV  
  24  2:49  Starport, SCV  
  25  2:53  Hellion x2  
  29  3:01  Orbital Command, SCV  
  30  3:06  Barracks Tech Lab  
  30  3:14  SCV  
  30  3:18  Hellion  
  33  3:20  Hellion  
  33  3:26  SCV  
  36  3:31  SCV  
  37  3:34  Viking  
  37  3:37  Cloaking Field  
  37  3:38  SCV  
  40  3:44  SCV, Supply Depot  
  40  3:47  Hellion  
  43  3:54  SCV  
  46  4:00  Supply Depot  
  46  4:01  Barracks Tech Lab  
  46  4:06  SCV  
  47  4:11  SCV  
  47  4:15  Banshee  
  49  4:18  SCV  
  49  4:23  SCV  
  51  4:28  Siege Tank, Marine x2  
  56  4:32  Command Center  
  56  4:33  SCV  
  57  4:38  SCV  
  58  4:48  SCV  
  58  4:49  Marine x2  
  58  4:50  SCV  
  62  4:56  Supply Depot  
  62  5:06  Supply Depot  
  62  5:17  Siege Tank, Banshee, SCV x2  
  70  5:22  Bunker x2  
  70  5:28  Marine x2  
  70  5:29  SCV x2  
  74  5:41  SCV x2  
  76  5:44  Orbital Command  
  76  5:46  Refinery  
  76  5:47  Refinery  
  76  5:53  SCV  
  76  5:56  SCV  
  81  6:00  Factory  
  81  6:06  Liberator, SCV, Supply Depot  
  81  6:07  Factory  
  81  6:08  SCV  
  81  6:10  SCV  
  81  6:18  SCV  
  82  6:22  Armory  
  82  6:23  Hellion x2  
  89  6:32  SCV  
  90  6:33  SCV, Supply Depot  
  91  6:44  Hellion x2  
  91  6:52  Factory Tech Lab  
  91  6:53  SCV x2  
  93  6:55  Command Center  
  96  7:01  Siege Tank  
  96  7:05  SCV  
  97  7:12  Hellion x2  
  101  7:15  Supply Depot  
  101  7:23  Orbital Command  
  101  7:25  Factory  
  101  7:27  Factory  
  101  7:31  Starport Reactor  
  101  7:32  Barracks Reactor  
  101  7:37  SCV x2, Cyclone  
  101  7:38  Supply Depot x2  
  101  7:39  Supply Depot  
  101  7:41  Hellion  
  108  7:45  Liberator  
  108  7:48  Supply Depot  
  108  7:57  Hellion  
  107  7:58  Siege Tank  
  107  8:02  Hellion  
  87  8:21  Hellion  
  87  8:24  Hellion  
  87  8:25  Marine  
  86  8:34  Marine  
  80  8:35  SCV  
  74  8:46  Refinery  
  74  8:47  Refinery  
Tags
 
Add a new tag
Caveats
  • Supply blocks, unpowered buildings, or Contaminate may cause inaccurate times.
  • Supply counts are checked every 10 seconds.